 Dungeon Crawl Stone Soup version 0.25-a0-460-g4f2eb97ec1 (webtiles) character file.

Game seed: 6138389639758387849, levelgen mode: deterministic

838 Nattfarinn the Covert (level 8, -7/48 HPs)
             Began as a Kobold Assassin on Feb 3, 2020.
             Engulfed by Pikel's negative energy (19 damage)
             ... on level 4 of the Dungeon.
             The game lasted 00:09:24 (3674 turns).

Nattfarinn the Covert (Kobold Assassin)             Turns: 3674, Time: 00:09:24

Health: -7/48      AC:  7    Str: 13    XL:     8   Next: 19%
Magic:  8/8        EV: 17    Int: 12    God:
Gold:   457        SH:  0    Dex: 23    Spells: 7/7 levels left

rFire    . . .     SeeInvis .   a - +2 dagger
rCold    . . .     Gourm    .   (shield restricted)
rNeg     . . .     Faith    .   l - +3 leather armour
rPois    .         Spirit   .   (helmet restricted)
rElec    .         Reflect  .   c - +0 cloak
rCorr    .         Harm     .   (no gloves)
MR       .....                  (no boots)
Stlth    ++++......             (no amulet)
HPRegen  0.56/turn              w - +4 ring of strength (curse)
MPRegen  0.11/turn              y - +5 ring of dexterity

@: lightly drained
A: small, horns 1, carnivore, regeneration 1
a: no special abilities


You were on level 4 of the Dungeon.
You were completely stuffed.

You visited 1 branch of the dungeon, and saw 4 of its levels.
You also visited: Ossuary.

You collected 457 gold pieces.

Inventory:

Hand Weapons
 a - a +2 dagger (weapon)
Missiles
 d - 27 poisoned darts (quivered)
 e - 2 curare-tipped darts
Armour
 b - a +0 robe
 c - a +0 cloak (worn)
 l - a +3 leather armour (worn)
 x - +0 gold dragon scales
Jewellery
 w - a cursed +4 ring of strength (left hand)
 y - a +5 ring of dexterity (right hand)
Wands
 k - a wand of flame (17)
Scrolls
 g - a scroll of enchant weapon {unknown}
 h - 4 scrolls of magic mapping {unknown}
 i - a scroll of blinking {unknown}
 j - a scroll of amnesia {unknown}
 o - 3 scrolls of enchant armour {unknown}
 p - 9 scrolls of remove curse {unknown}
 q - 4 scrolls of identify {unknown}
 r - a scroll of noise {unknown}
 v - a scroll of immolation {unknown}
 D - a scroll of teleportation {unknown}
Potions
 m - a potion of cancellation
 n - 4 potions of degeneration {unknown}
 s - a potion of berserk rage {unknown}
 t - 3 potions of curing {unknown}
 u - 2 potions of might {unknown}
 z - 2 potions of haste {unknown}
 A - a potion of heal wounds {unknown}
 B - a potion of flight {unknown}
Comestibles
 f - 6 rations


   Skills:
 + Level 4.7(4.1) Fighting
 + Level 5.6(5.1) Short Blades
 - Level 2.1(1.7) Throwing
 + Level 4.7(4.2) Dodging
 * Level 9.4(8.8) Stealth


You had 7 spell levels left.
You didn't know any spells.
Your spell library was empty.

Dungeon Overview and Level Annotations

Branches:
Dungeon (4/15)            Ossuary (visited)
 Temple: D:4-7

Altars:
Elyvilon
Fedhas
Trog
Vehumet

Annotations:
D:3 2 transporters
D:4 Pikel


Innate Abilities, Weirdness & Mutations

You are small and have problems with some larger weapons.
You are carnivorous and can eat meat at any time.
You have a pair of small horns on your head.
Your natural rate of healing is unusually fast.


Message History

You destroy the bat skeleton!
You hit Pikel. Your headbutt misses Pikel.
Pikel is lightly wounded.
You hit Pikel but do no damage.
Pikel is lightly wounded.
Pikel zaps a wand.
Pikel creates a blast of negative energy!
Unknown command.
You closely miss Pikel.
Pikel is lightly wounded.
You are engulfed in negative energy.
You feel drained.
Pikel zaps a wand.
Pikel creates a blast of flame!
Unknown command.
You are engulfed in negative energy.
You feel drained.
* * * LOW HITPOINT WARNING * * *
Unknown command.
Okay, then.
You feel magically purged.
You are engulfed in negative energy.
You feel drained.
You die...

#...#...# #..#.....#
##..###....# ##..##.##...###
#..##...##....#
#...##.##...#.##
##.#..##'...<#.##
#########§§##..#.....#.##
#...ZpK☼@§####...#####.##
##'''#####§#............##
##.....## #.....#######..##
#.⌠.#.⌠.###.....# #..##
#.#.#K#.#.##..<..### #.[##
#..#.⌠.#..##..<....#####..##
#.#.#.#p#.##................
##.⌠.#.⌠.###.......#####....
#.#.#.#.#.######>...........


You could see Pikel, a slave and a bat skeleton.

Vanquished Creatures
  A hippogriff (D:3)
  Sigmund (D:3)
  Purgy (D:3)
  A slave (D:4)
  A howler monkey (D:4)
  3 hounds (D:4)
  Natasha (D:3)
  A big kobold zombie (Ossuary)
  8 mummies (Ossuary)
  Robin (D:1)
  A gnoll (D:1)
  5 adders
  An ooze (D:1)
  2 leopard geckos
  3 bat skeletons (D:4)
  2 bat zombies (D:4)
  2 giant cockroaches
  13 goblins
  5 hobgoblins
  7 jackals
  6 bats
  2 frilled lizards
  2 gnoll zombies (Ossuary)
  A hobgoblin zombie (Ossuary)
  9 kobolds
  2 kobold zombies (Ossuary)
  2 orc zombies (Ossuary)
  9 rats
93 creatures vanquished.

Vanquished Creatures (others)
  A kobold (D:2)
1 creature vanquished.

Grand Total: 94 creatures vanquished

Notes
Turn   | Place    | Note
-------+----------+-------------------------------------------
     0 | D:1      | Nattfarinn the Kobold Assassin began the quest for the Orb.
     0 | D:1      | Reached XP level 1. HP: 12/12 MP: 1/1
   248 | D:1      | Reached XP level 2. HP: 18/18 MP: 2/2
   658 | D:1      | Reached XP level 3. HP: 11/22 MP: 3/3
   998 | D:2      | Reached skill level 6 in Stealth
  1060 | D:2      | Found a radiant altar of Vehumet.
  1549 | D:2      | Reached XP level 4. HP: 27/27 MP: 4/4
  1592 | D:2      | Noticed Robin
  1593 | D:2      | Found a blossoming altar of Fedhas.
  1861 | D:1      | Killed Robin
  2000 | D:2      | Found a bloodstained altar of Trog.
  2160 | D:3      | Found a transporter.
  2178 | D:3      | Found a transporter.
  2218 | D:3      | Reached XP level 5. HP: 32/32 MP: 5/5
  2421 | D:3      | Noticed Purgy
  2445 | D:3      | Gained mutation: You have a pair of small horns on your
                  | head. [potion of mutation]
  2445 | D:3      | Gained mutation: Your natural rate of healing is unusually
                  | fast. [potion of mutation]
  2475 | D:3      | Killed Purgy
  2475 | D:3      | Reached skill level 7 in Stealth
  2475 | D:3      | Reached XP level 6. HP: 37/37 MP: 6/6
  2497 | D:3      | Noticed a hippogriff
  2517 | D:3      | Killed a hippogriff
  2517 | D:3      | Reached skill level 8 in Stealth
  2517 | D:3      | Reached XP level 7. HP: 9/42 MP: 7/7
  2615 | D:3      | Found a white marble altar of Elyvilon.
  2615 | D:3      | Noticed Natasha
  2639 | D:3      | Killed Natasha
  2882 | D:3      | Noticed Sigmund
  2889 | D:3      | Killed Sigmund
  2889 | D:3      | Reached skill level 5 in Short Blades
  2957 | D:4      | Reached skill level 9 in Stealth
  2991 | D:4      | Found a sand-covered staircase.
  2997 | Ossuary  | Entered an ossuary
  3134 | Ossuary  | Reached XP level 8. HP: 48/48 MP: 8/8
  3593 | D:4      | Noticed Pikel
  3674 | D:4      | Engulfed by Pikel's negative energy

Levels and vault maps discovered:
D:1:      minmay_arrival_jagged, layout_basic
D:2:      layout_loops_ring, fiery_altar_vehumet, fedhas_altar_2, first_ration,
          hangedman_abyss_or_decor_stabs, trog_hazing_becter, uniq_robin
D:3:      gammafunk_wand_slinger, layout_basic, elyvilon_altar_5, uniq_purgy,
          uniq_sigmund, uniq_natasha
D:4:      layout_basic, kennysheep_vampire_church, enter_ossuary_5,
          minmay_crystal_room, uniq_pikel

Skill      XL: |  1  2  3  4  5  6  7 |
---------------+----------------------+-----
Short Blades   | 3 4 5 |  5.6
Dodging        | 2 3 4 |  4.7
Stealth        | 6 7 8 9 |  9.4
Fighting       | 3 4 |  4.7
Throwing       | |  2.1

Action                   |  1- 3 |  4- 6 |  7- 9 || total
-------------------------+-------+-------+-------++-------
Melee: Dagger            |    94 |   122 |   169 ||   385
       Headbutt          |       |     4 |    42 ||    46
Throw: Dart              |     8 |    27 |    14 ||    49
  Use: Potion            |       |     5 |     1 ||     6
 Stab: Sleeping          |    11 |     1 |     4 ||    16
       Invisible         |       |     1 |       ||     1
       Distracted        |       |       |     1 ||     1
  Eat: Chunk             |    10 |     4 |     3 ||    17
Armor: Leather armour    |    16 |    72 |    28 ||   116
       Robe              |     1 |       |       ||     1
Dodge: Dodged            |    66 |   144 |   110 ||   320

Table legend:
 A = Non-vault XP
 B = Vault XP
 C = Vault XP percentage of total XP
 D = Non-vault monster count
 E = Vault monster count
 F = Vault count percentage of total count
                 A         B        C        D         E       F
            +---------+---------+-------+---------+---------+-------
      Total |     573 |     625 |  52.2 |      51 |      40 |  44.0
            +---------+---------+-------+---------+---------+-------
        D:1 |      55 |      20 |  26.7 |      17 |       4 |  19.0
        D:2 |      40 |      22 |  35.5 |      17 |      12 |  41.4
        D:3 |     276 |     394 |  58.8 |      10 |       3 |  23.1
        D:4 |     202 |      10 |   4.7 |       7 |       5 |  41.7
    Ossuary |       0 |     179 | 100.0 |       0 |      16 | 100.0
            +---------+---------+-------+---------+---------+-------
